 Dungeon Crawl Stone Soup version 0.30.1-9-gdf580d7c3d (webtiles) character file.

Game seed: 5793621543460317932

187 arthad the Scholar of Death (level 5, -6/40 HPs)
             Began as a Ghoul Necromancer on Sept 29, 2023.
             Was a Follower of Kikubaaqudgha.
             Killed from afar by Ijyb (21 damage)
             ... with a bolt of light
             ... on level 3 of the Dungeon.
             The game lasted 00:09:09 (3827 turns).

arthad the Scholar of Death (Ghoul Necromancer)     Turns: 3827, Time: 00:09:10

Health: -6/40      AC:  2    Str: 12      XL:     5   Next: 66%
Magic:  3/8        EV: 13    Int: 11 (12) God:    Kikubaaqudgha [*.....]
Gold:   89         SH:  0    Dex: 21      Spells: 1/9 levels left

rFire   . . .        f - +2 morningstar (flame)
rCold   + . .        (no shield)
rNeg    + + +        a - +0 robe
rPois   ∞            (no helmet)
rElec   .            v - scarf {repulsion}
rCorr   .            (no gloves)
SInv    .            (no boots)
Will    .....        (no amulet)
Stlth   +++          t - +6 ring of dexterity
HPRegen 0.00/turn    s - +6 ring of dexterity
MPRegen 0.11/turn

%: repel missiles
@: mighty, inhibited regen
A: claws 1, cold resistance 1, negative energy resistance 3, inhibited
regeneration, torment resistance 2, devour on kill
a: Renounce Religion, Unearth Wretches


You were on level 3 of the Dungeon.
You worshipped Kikubaaqudgha.
Kikubaaqudgha was aware of your devotion.
You visited 1 branch of the dungeon, and saw 3 of its levels.

You collected 89 gold pieces.

Inventory:

Hand Weapons
 f - a +2 morningstar of flaming (weapon)
 m - a +0 short sword of speed
 o - a +3 dagger
 y - the +4 mace of Checks and Balances {flame, rElec rPois Dex+4}
   (You took it off an orc on level 3 of the Dungeon)

   Dex:       It affects your dexterity (+4).
   rElec:     It insulates you from electricity.
   rPois:     It protects you from poison.
Missiles
 p - 3 poisoned darts
 A - 2 boomerangs
Armour
 a - a +0 robe (worn)
 v - a scarf of repulsion (worn)
 x - a +0 chain mail of fire resistance
Magical Staves
 e - a staff of conjuration
Jewellery
 c - a ring of resist corrosion
 n - a ring of poison resistance
 s - a +6 ring of dexterity (right claw)
 t - a +6 ring of dexterity (left claw)
Wands
 b - a wand of light (7)
Scrolls
 g - 3 scrolls of teleportation {unknown}
 h - 2 scrolls of blinking {unknown}
 i - 3 scrolls of immolation {unknown}
 k - 2 scrolls of identify {unknown}
 l - a scroll of noise {unknown}
 q - a scroll of vulnerability {unknown}
 u - a scroll of enchant armour {unknown}
Potions
 d - a potion of mutation
 r - a potion of brilliance {unknown}
 w - a potion of heal wounds {unknown}
 z - a potion of cancellation {unknown}


   Skills:
 + Level 1.1 Fighting
 + Level 2.7 Dodging
 + Level 3.2 Stealth
 * Level 2.8 Spellcasting
 + Level 0.7 Hexes
 * Level 4.8 Necromancy


You had one spell level left.
You knew the following spells:

 Your Spells              Type           Power      Damage    Failure   Level
a - Necrotise             Necr           48%        1d6       3%          1
b - Vampiric Draining     Necr           12%        2d6       11%         3
c - Animate Dead          Necr           12%        N/A       34%         4

Your spell library contained the following spells:

 Spells                   Type           Power      Damage    Failure   Level
 Kiss of Death            Conj/Necr      24%        2d7       10%         1
 Slow                     Hex            12%        N/A       21%         1
 Confusing Touch          Hex            3%         N/A       52%         3
 Tukima's Dance           Hex            3%         N/A       52%         3
 Portal Projectile        Hex/Tloc       4%         N/A       56%         3
 Agony                    Necr           12%        N/A       69%         5
 Blade Hands              Tmut           Unusable   N/A       N/A         5

Dungeon Overview and Level Annotations

Branches:
Dungeon (3/15)

Altars:
Kikubaaqudgha

Annotations:
D:3 1 transporter, Ijyb


Innate Abilities, Weirdness & Mutations

You are immune to poison.
You have sharp fingernails.
Your flesh is cold resistant. (rC+)
You are immune to negative energy. (rN+++)
You do not regenerate when monsters are visible.
You are immune to unholy pain and torment.
You thrive by killing the living.


Message History

A goblin is nearby!
You can't see any susceptible monsters within range! (Use Z to cast anyway.)
You can't see any susceptible monsters within range! (Use Z to cast anyway.)
The goblin shouts!
The goblin writhes in agony.
The goblin barely resists.
The goblin writhes in agony.
You kill the goblin!
Kikubaaqudgha accepts your kill.
The dead are walking!
You can't see any susceptible monsters within range! (Use Z to cast anyway.)
You swap places.
You see here a +0 club.
Your goblin skeleton crumbles into dust!
Found a stone staircase leading down.
Ijyb the Twisted Goblin comes into view.
She is wielding a +0 club and carrying a wand of light (15).
Ijyb shouts!
Ijyb is nearby!
Ijyb barely resists.
Ijyb writhes in agony.
Ijyb hits you with a +0 club.
Ijyb writhes in agony.
Ijyb closely misses you.
Ijyb writhes in agony.
Ijyb hits you with a +0 club.
Ijyb writhes in agony.
Ijyb zaps a wand.
The bolt of light hits you.
Ijyb barely resists.
Ijyb zaps a wand.
The bolt of light hits you!
You are confused.
You are too injured to fight recklessly!
You are too confused!
It was a potion of mutation.
You feel extremely strange.
Your body decomposes!
You feel dopey.
Ijyb zaps a wand.
The bolt of light is repelled.
It was a potion of might.
You feel very mighty all of a sudden.
You feel less confused. Ijyb hits you with a +0 club.
You closely miss Ijyb.
Ijyb is moderately wounded.
Ijyb zaps a wand.
The bolt of light hits you!!
Ouch! That really hurt!
You die...
Kikubaaqudgha rasps: "You have failed me!
Welcome... oblivion!"

### ## #.## #. #..#
#. ##.## #. #..## ##
#. ####..#####.
##g######......)....
#>.@......######....
########### #####


You could see Ijyb.

Vanquished Creatures
  An orc priest (D:3)
  Terence (D:2)
  4 adders (D:2)
  A worm (D:2)
  A dart slug (D:2)
  4 orcs (D:3)
  6 ball pythons
  4 bats
  4 endoplasms (D:1)
  4 giant cockroaches
  9 goblins
  7 hobgoblins
  3 jackals
  8 kobolds
  2 quokkas
  2 frilled lizards
  4 rats
65 creatures vanquished.

Vanquished Creatures (collateral kills)
  An adder (D:2)
  A worm (D:2)
  An orc (D:3)
  A bat (D:1)
  A goblin (D:1)
  A ball python (D:2)
6 creatures vanquished.

Grand Total: 71 creatures vanquished

Notes
Turn   | Place    | Note
-------+----------+-------------------------------------------
     0 | D:1      | arthad the Ghoul Necromancer began the quest for the Orb.
     0 | D:1      | Reached XP level 1. HP: 14/14 MP: 2/2
   130 | D:1      | Reached XP level 2. HP: 14/20 MP: 0/3
   705 | D:1      | Reached XP level 3. HP: 26/26 MP: 2/5
  1948 | D:2      | Reached XP level 4. HP: 28/33 MP: 0/6
  1952 | D:2      | Learned a level 3 spell: Vampiric Draining
  2504 | D:2      | Noticed Terence
  2519 | D:2      | HP: 1/34 [Terence/+0 mace of holy wrath (5)]
  2522 | D:2      | Killed Terence
  2523 | D:2      | Reached XP level 5. HP: 5/39 MP: 0/7
  3398 | D:3      | Found a transporter.
  3431 | D:3      | Reached skill level 1 in Fighting
  3593 | D:3      | Identified the +4 mace of Checks and Balances {flame, rElec
                  | rPois Dex+4}
  3679 | D:3      | Found a faded altar of an unknown god.
  3729 | D:3      | Prayed at the altar of an unknown god.
  3729 | D:3      | Became a worshipper of Kikubaaqudgha
  3729 | D:3      | Reached * piety under Kikubaaqudgha
  3729 | D:3      | Received a gift from Kikubaaqudgha
  3735 | D:3      | Learned a level 4 spell: Animate Dead
  3818 | D:3      | Noticed Ijyb
  3827 | D:3      | Killed from afar by Ijyb

Illustrated notes

Levels and vault maps discovered:
D:1:      erik_arrival_cave_to_civilisation [erik_arrival_cave_to_hall],
          layout_loops_ring, minmay_split_cup_small
D:2:      layout_basic, uniq_terence
D:3:      gammafunk_wand_slinger, layout_rooms, mainiacjoe_overflow_brackets,
          chequers_temple_overflow_statue_of_worship,
          chequers_ecumenical_altar_simple_redux, uniq_ijyb

Skill      XL: |  1  2  3  4  5 |
---------------+----------------+-----
Dodging        | 2 |  2.7
Spellcasting   | 2 |  2.8
Stealth        | 3 |  3.2
Fighting       | 1 |  1.1
Hexes          | |  0.7
Necromancy     | |  4.8

Action                     |  1- 3 |  4- 6 || total
---------------------------+-------+-------++-------
  Melee: Unarmed           |    13 |       ||    13
         Staff             |    21 |    14 ||    35
         Punch             |       |     1 ||     1
         Morningstar       |       |     7 ||     7
  Throw: Dart              |       |     2 ||     2
   Cast: Necrotise         |    84 |    95 ||   179
         Vampiric Draining |       |     2 ||     2
  Evoke: Wand              |       |     1 ||     1
    Use: Potion            |     1 |     4 ||     5
 Armour: Robe              |     3 |     7 ||    10
  Dodge: Dodged            |    32 |    23 ||    55
         Repelled          |       |     1 ||     1
